 Dungeon Crawl Stone Soup version 0.31.0-11-ge490571c62 (webtiles) character file.

Game seed: 656097508632872348

31271 ezpacito the Cleaver (level 13, -25/162 HPs)
             Began as a Demonspawn Berserker on Jan 30, 2024.
             Was a High Priest of Trog.
             Killed from afar by a tengu reaver (35 damage)
             ... with a bolt of lightning
             ... on level 14 of the Dungeon.
             The game lasted 00:29:25 (10487 turns).

ezpacito the Cleaver (Demonspawn Berserker)        Turns: 10487, Time: 00:29:25

Health: -25/162    AC: 22    Str: 19    XL:     13   Next: 25%
Magic:  4/4        EV:  2    Int:  8    God:    Trog [*****.]
Gold:   835        SH:  0    Dex: 16    Spells: 12/12 levels left

rFire   . . .        L - +8 Wrath of Trog {antimagic, *Rage Rampage}
rCold   + . .        (shield currently unavailable)
rNeg    . . .        y - melded +7 chain mail {Will+}
rPois   +            (helmet currently unavailable)
rElec   .            D - melded scarf {harm}
rCorr   +            O - melded +2 pair of gloves
SInv    .            s - melded +0 pair of boots
Will    .....        d - amulet of regeneration
Stlth   +            t - ring of protection from cold
HPRegen 2.27/turn    G - ring of resist corrosion
MPRegen 0.09/turn

%: random rage (50%), rampage
@: confused, tree-form, ambrosia-drunk, corroded, on berserk cooldown, hasted,
invisible, very quick
A: stationary, stasis, torment immunity, boosted hp, (antennae 2), (large bone
plates 2), demonic guardian 2, powered by death 3, robust 1
a: Renounce Religion, Berserk, Trog's Hand, Brothers in Arms


You were on level 14 of the Dungeon.
You worshipped Trog.
Trog was extremely pleased with you.
You were a tree.
You visited 1 branch of the dungeon, and saw 14 of its levels.

You collected 996 gold pieces.
You spent 161 gold pieces at shops.

Inventory:

Hand Weapons
 k - a +3 orcbow
 x - the +8 war axe of Theory {heavy, Dex+2}
   (You found it on level 4 of the Dungeon)

   Dex+2:     It affects your dexterity (+2).
 L - the +8 Wrath of Trog (weapon) {antimagic, *Rage Rampage}
   (You acquired it on level 10 of the Dungeon)

   It causes slowness and exhaustion when equipped.
   It extends the wielder's berserk rage when killing foes.
   *Rage:     It berserks you when you make melee attacks (+50% chance).
   Rampage:   It bestows one free step when moving towards enemies.
 P - a +5 executioner's axe of flaming
Missiles
 c - 132 stones (quivered)
 g - 3 atropa-tipped darts
 o - 17 boomerangs
 r - 31 poisoned darts
 J - 9 curare-tipped darts
Armour
 p - a +0 buckler
 s - a +0 pair of boots (melded)
 y - a +7 chain mail of willpower (melded)
 D - a scarf of harm (melded)
 O - a +2 pair of gloves (melded)
Jewellery
 b - a ring of flight
 d - an amulet of regeneration (around neck)
 f - an amulet of guardian spirit
 m - a +6 ring of dexterity
 t - a ring of protection from cold (left branch)
 B - a ring of protection from fire
 C - an amulet of faith
 G - a ring of resist corrosion (right branch)
 N - a ring of protection from cold
Talismans
 A - a blade talisman
Wands
 j - a wand of flame (32)
 H - a wand of light (19)
 I - a wand of paralysis (6)
 M - a wand of mindburst (6)
Scrolls
 a - 3 scrolls of enchant weapon
 h - a scroll of poison
 l - 7 scrolls of teleportation
 q - a scroll of blinking
 K - a scroll of revelation {unknown}
Potions
 i - 6 potions of haste
 u - 6 potions of curing
 v - 5 potions of attraction
 E - 2 potions of lignification
 R - a potion of might {unknown}
Miscellaneous
 e - a lightning rod (4/4)
 U - a phial of floods
 V - a phantom mirror (inert)
 W - a box of beasts


   Skills:
 * Level 8.7 Fighting
 * Level 13.3 Axes
 * Level 0.5 Ranged Weapons
 * Level 8.1 Armour
 * Level 6.4 Dodging
 - Level 6.0 Stealth
 + Level 3.9 Shields
 * Level 6.6 Unarmed Combat
 * Level 4.0 Evocations
 * Level 2.5 Shapeshifting


You had 12 spell levels left.
You didn't know any spells.
Your spell library contained the following spells:

 Spells                   Type           Power      Damage    Failure   Level
 Apportation              Tloc           0%         N/A       41%         1
 Necrotise                Necr           0%         1d4       41%         1
 Sting                    Conj/Alch      0%         1d3       41%         1
 Summon Small Mammal      Summ           0%         N/A       41%         1
 Blink                    Tloc           0%         N/A       54%         2
 Call Imp                 Summ           0%         N/A       54%         2
 Jinxbite                 Hex            0%         N/A       54%         2
 Lesser Beckoning         Tloc           0%         N/A       54%         2
 Momentum Strike          Conj/Tloc      0%         3d8       54%         2
 Sublimation of Blood     Necr           0%         N/A       54%         2
 Dazzling Flash           Conj/Hex       0%         N/A       78%         3
 Inner Flame              Hex/Fire       0%         N/A       78%         3
 Ozocubu's Armour         Ice            0%         N/A       78%         3
 Vampiric Draining        Necr           0%         2d6       78%         3
 Volatile Blastmotes      Fire/Tloc      0%         2d10      78%         3
 Flame Wave               Conj/Fire      0%         2d4       99%         4
 Martyr's Knell           Necr/Summ      0%         N/A       99%         4
 Sticky Flame             Fire/Alch      0%         2d4       99%         4
 Curse of Agony           Necr           0%         N/A       100%        5
 Metabolic Englaciation   Hex/Ice        0%         N/A       100%        5
 Yara's Violent Unravell  Hex/Alch       0%         3d3       100%        5
 Sculpt Simulacrum        Ice/Alch       0%         N/A       100%        6
 Starburst                Conj/Fire      0%         6d3       100%        6
 Enfeeble                 Hex            0%         N/A       100%        7
 Summon Hydra             Summ           0%         N/A       100%        7
 Maxwell's Capacitive Co  Air            0%         ∞         100%        8


Dungeon Overview and Level Annotations

Branches:
Dungeon (14/15)            Temple (0/1) D:7            Lair (0/5) D:10
    Orc (0/2) D:10         Vaults (0/5) D:13

Altars:
Gozag
Qazlal
Uskayaw
Xom

Shops:
D:10 ::(:*


Innate Abilities, Weirdness & Mutations

You are a tree.
Your roots penetrate the ground, keeping you stationary.
You cannot be teleported.
You are immune to unholy pain and torment.
Your maximum health is greatly increased.
Your equipment is partially melded.
((You have a pair of antennae on your head.))
((You are mostly covered in large bone plates. (SH +6)))
A demonic guardian rushes to your aid.
You regenerate a lot of health from kills.
You are robust. (+10% HP)


Message History

You are confused.
You feel invigorated. The tengu reaver casts a spell at you.
The bolt of fire misses you.
Unknown command.
You are more confused.
You feel more invigorated.
You feel as though your hastened speed will last longer.
The tengu reaver hits you with a +0 great mace!!
* * * LOW HITPOINT WARNING * * *
The tengu reaver closely misses you.
The tengu reaver claws you but does no damage.
Unknown command.
You are more confused.
You feel more invigorated.
The tengu reaver gestures at you while chanting.
The bolt of acid hits you! You resist.
* * * LOW HITPOINT WARNING * * *
The acid corrodes you!
Unknown command.
You are too confused!
You are too confused!
Okay, then.
You turn into a tree.
Your scarf of harm melds into your body.
Your +2 pair of gloves melds into your body.
Your +0 pair of boots melds into your body.
Your +7 chain mail of willpower melds into your body.
You feel less strong-willed.
Your roots penetrate the ground.
It was a potion of berserk rage.
You're still recovering from your berserk rage.
The tengu reaver hits you but does no damage.
The tengu reaver pecks you!
* * * LOW HITPOINT WARNING * * *
The tengu reaver claws you but does no damage.
It was a potion of invisibility.
You fade into invisibility!
The tengu reaver points at you and mumbles some strange words.
The bolt of lightning hits you!!
You die...

.## ### ..## #.# ##.##
...# ..# ###...# ..##..#
#...8.. #..#..####
#.#...# #..#.....# ##.##
#..#...#.# #.#
##T♣#.....# #.# ,
#.Q#3..# #.#
........#...# ##.##
.......##)$.# ##...#
#†...###....# #..8..
######......#########...#
.....##...........##.##
.#... #.#..#....#....#
##. #.#..........#.#


You could see a tengu reaver (repels missiles, very poisoned, ally target), a
troll (unable to see you, poisoned) and a friendly sixfirhy (summoned).

Vanquished Creatures
  Josephine (D:13)
  A catoblepas (D:13)
  4 vault guards (D:13)
  2 boulder beetles
  Erica (D:11)
  A hydra (D:13)
  2 centaur warriors
  2 two-headed ogres
  A skeletal warrior (D:11)
  A deep elf pyromancer (D:14)
  4 cyclopes
  An ugly thing (D:12)
  3 manticores
  Maurice (D:8)
  A guardian serpent (shapeshifter) (D:13)
  A gargoyle (D:11)
  2 yaktaurs (D:11)
  A rime drake (shapeshifter) (D:11)
  A komodo dragon (D:11)
  4 unseen horrors
  3 tengu conjurers
  5 trolls
  2 hornets
  3 slime creatures (D:12)
  8 wraiths
  3 shadows
  A vampire (D:9)
  10 yaks
  2 water elementals (D:12)
  Sigmund (D:2)
  7 wyverns
  A basilisk (D:13)
  3 vampire mosquitoes
  A steam dragon (D:8)
  Edmund (D:5)
  Duvessa (D:4)
  3 acid dragons
  2 water moccasins
  An ice beast (D:6)
  2 orc warriors
  3 sky beasts
  2 black bears
  An ogre (D:5)
  5 centaurs
  2 phantoms (D:5)
  3 kobold brigands
  2 bullfrogs
  2 gnoll sergeants (D:10)
  6 scorpions
  18 wights
  Dowan (D:4)
  16 killer bees
  5 electric eels (D:12)
  7 howler monkeys
  A bombardier beetle (D:5)
  3 hounds
  2 jellies
  3 orc priests
  4 iguanas
  6 orc wizards
  Natasha (thrice) (D:2)
  A sleepcap (D:6)
  The ghost of Bravepunisher the Ducker, a weakling SpMo (D:7)
  Robin (D:2)
  9 gnolls
  10 adders
  A shadow imp (D:4)
  2 dart slugs
  25 orcs
  5 ball pythons
  18 bats
  10 endoplasms
  4 giant cockroaches
  6 hobgoblins
  2 jackals (D:2)
  21 kobolds
  5 quokkas
  3 frilled lizards
  18 goblins
332 creatures vanquished.

Vanquished Creatures (collateral kills)
  A skeletal warrior (D:11)
  A manticore (D:13)
  A cyclops (D:13)
  A komodo dragon (D:11)
  A slime creature (D:12)
  A wraith (D:11)
  A water moccasin (D:10)
  A centaur (D:10)
  A scorpion (D:10)
  A killer bee (D:6)
  2 electric eels (D:12)
  2 gnolls
  A dart slug (D:4)
  2 orcs (D:4)
17 creatures vanquished.

Vanquished Creatures (others)
  A jackal (D:2)
1 creature vanquished.

Grand Total: 350 creatures vanquished

Notes
Turn   | Place    | Note
-------+----------+-------------------------------------------
     0 | D:1      | ezpacito the Demonspawn Berserker began the quest for the
                  | Orb.
     0 | D:1      | Reached XP level 1. HP: 18/18 MP: 1/1
   130 | D:1      | Reached skill level 3 in Axes
   130 | D:1      | Gained mutation: You regenerate a little health from kills.
                  | [demonic ancestry]
   130 | D:1      | Reached XP level 2. HP: 24/24 MP: 2/2
   321 | D:1      | Gained mutation: A weak demonic guardian rushes to your
                  | aid. [demonic ancestry]
   321 | D:1      | Reached XP level 3. HP: 29/29 MP: 3/3
   463 | D:1      | Reached ** piety under Trog
   888 | D:2      | Found a faded altar of an unknown god.
   903 | D:2      | Noticed Natasha
   912 | D:2      | Killed Natasha
   913 | D:2      | Reached XP level 4. HP: 35/35 MP: 4/4
  1000 | D:2      | Noticed Natasha
  1009 | D:2      | Killed Natasha
  1010 | D:2      | Reached skill level 1 in Unarmed Combat
  1057 | D:2      | Noticed Natasha
  1060 | D:2      | Reached skill level 1 in Stealth
  1067 | D:2      | Killed Natasha
  1068 | D:2      | Gained mutation: You regenerate health from kills. [demonic
                  | ancestry]
  1068 | D:2      | Reached XP level 5. HP: 42/42 MP: 5/5
  1088 | D:2      | Noticed Sigmund
  1097 | D:2      | Killed Sigmund
  1098 | D:2      | Reached skill level 4 in Axes
  1098 | D:2      | Gained mutation: You are partially covered in large bone
                  | plates. (SH +4) [demonic ancestry]
  1098 | D:2      | Reached XP level 6. HP: 48/48 MP: 6/6
  1651 | D:2      | Noticed Robin
  1670 | D:2      | Killed Robin
  2167 | D:3      | Reached *** piety under Trog
  2544 | D:4      | Noticed Dowan
  2544 | D:4      | Noticed Duvessa
  2553 | D:4      | Killed Dowan
  2554 | D:4      | Reached skill level 5 in Axes
  2558 | D:4      | Killed Duvessa
  2559 | D:4      | Gained mutation: You regenerate a lot of health from kills.
                  | [demonic ancestry]
  2559 | D:4      | Reached XP level 7. HP: 54/54 MP: 7/7
  2604 | D:4      | Identified the +8 war axe of Theory {heavy, Dex+2}
  3021 | D:5      | Entered Level 5 of the Dungeon
  3040 | D:5      | Reached skill level 1 in Shields
  3252 | D:5      | Reached skill level 6 in Axes
  3252 | D:5      | Gained mutation: A demonic guardian rushes to your aid.
                  | [demonic ancestry]
  3252 | D:5      | Reached XP level 8. HP: 55/61 MP: 8/8
  3254 | D:5      | Reached **** piety under Trog
  3556 | D:5      | Noticed Edmund
  3561 | D:5      | Killed Edmund
  4110 | D:5      | Found a shimmering altar of Xom.
  4177 | D:6      | Reached skill level 7 in Axes
  4267 | D:6      | Gained mutation: You have a pair of small antennae on your
                  | head. [demonic ancestry]
  4267 | D:6      | Reached XP level 9. HP: 67/67 MP: 9/9
  4314 | D:6      | Reached skill level 5 in Fighting
  4820 | D:7      | Found a staircase to the Ecumenical Temple.
  4947 | D:7      | Found a runed translucent gate.
  4947 | D:7      | Found a runed translucent gate.
  4947 | D:7      | Found a runed translucent gate.
  4950 | D:7      | Found an opulent altar of Gozag.
  4952 | D:7      | Noticed Bravepunisher's ghost (weakling SpMo)
  4977 | D:7      | Killed Bravepunisher's ghost
  5179 | D:7      | Reached skill level 8 in Axes
  5224 | D:7      | Reached skill level 5 in Armour
  5551 | D:8      | Noticed Maurice
  5558 | D:8      | Killed Maurice
  5559 | D:8      | Gained mutation: You have a pair of antennae on your head.
                  | [demonic ancestry]
  5559 | D:8      | Reached XP level 10. HP: 76/76 MP: 10/10
  5596 | D:8      | Reached skill level 9 in Axes
  6062 | D:9      | Reached ***** piety under Trog
  6777 | D:10     | Entered Level 10 of the Dungeon
  6795 | D:10     | Found a hide-covered altar of Uskayaw.
  6799 | D:10     | Found Natwurch's Book Boutique.
  6830 | D:10     | Identified a scroll of acquirement
  6846 | D:10     | Found Karorug's Weapon Emporium.
  6880 | D:10     | Found Bunagan's Book Emporium.
  6915 | D:10     | Found Xycvirit's Book Emporium.
  7036 | D:10     | Reached skill level 5 in Stealth
  7037 | D:10     | Reached skill level 10 in Axes
  7044 | D:10     | Reached skill level 5 in Dodging
  7046 | D:10     | Found a staircase to the Lair.
  7047 | D:10     | Received a gift from Trog
  7050 | D:10     | Gained mutation: You are mostly covered in large bone
                  | plates. (SH +6) [demonic ancestry]
  7050 | D:10     | Reached XP level 11. HP: 83/83 MP: 11/11
  7088 | D:10     | Found Poapna's General Store.
  7099 | D:10     | Bought a scroll of silence for 161 gold pieces
  7301 | D:10     | Reached skill level 5 in Unarmed Combat
  7425 | D:10     | Found a staircase to the Orcish Mines.
  7620 | D:10     | Acquired the +8 Wrath of Trog {antimagic, *Rage Rampage}
  7620 | D:10     | Found the +8 Wrath of Trog {antimagic, *Rage Rampage}
  7689 | D:11     | Noticed a two-headed ogre
  7695 | D:11     | Killed a two-headed ogre
  7770 | D:11     | Noticed a skeletal warrior
  7909 | D:11     | Noticed a centaur warrior
  7914 | D:11     | Reached skill level 1 in Evocations
  7924 | D:11     | Killed a centaur warrior
  7927 | D:11     | Noticed Erica
  7935 | D:11     | Killed Erica
  7936 | D:11     | Reached skill level 11 in Axes
  8131 | D:11     | Noticed a boulder beetle
  8149 | D:11     | Killed a boulder beetle
  8230 | D:11     | Reached XP level 12. HP: 92/92 MP: 4/12
  8688 | D:12     | Reached skill level 1 in Shapeshifting
  8861 | D:12     | Reached skill level 12 in Axes
  8930 | D:12     | Noticed a boulder beetle
  8945 | D:12     | Killed a boulder beetle
  8998 | D:12     | Found a stormy altar of Qazlal.
  9040 | D:12     | Noticed a two-headed ogre
  9045 | D:12     | Killed a two-headed ogre
  9587 | D:13     | Noticed a catoblepas
  9594 | D:13     | Noticed a centaur warrior
  9599 | D:13     | Killed a centaur warrior
  9622 | D:13     | Killed a catoblepas
  9729 | D:13     | Found a gate to the Vaults.
  9729 | D:13     | Noticed a six-headed hydra
  9729 | D:13     | Noticed a vault guard
  9729 | D:13     | Noticed a vault guard
  9729 | D:13     | Noticed a vault guard
  9729 | D:13     | Noticed a vault guard
  9737 | D:13     | Killed a six-headed hydra
  9742 | D:13     | Killed a vault guard
  9743 | D:13     | Killed a vault guard
  9743 | D:13     | Received a gift from Trog
  9747 | D:13     | Killed a vault guard
  9748 | D:13     | Gained mutation: You are robust. (+10% HP) [demonic
                  | ancestry]
  9748 | D:13     | Reached XP level 13. HP: 108/108 MP: 4/13
  9751 | D:13     | Reached skill level 13 in Axes
 10045 | D:13     | Noticed Josephine
 10061 | D:13     | Killed Josephine
 10456 | D:14     | Noticed a tengu reaver
 10484 | D:14     | HP: 2/108 [tengu reaver/bolt of acid (20)]
 10487 | D:14     | Killed from afar by a tengu reaver

Illustrated notes

Levels and vault maps discovered:
D:1:      psy_arrival_whirlpool, layout_basic
D:2:      layout_loops_cross, basic_ecumenical_altar, kennysheep_path_1,
          nicolae_twisty_statue_hallways, uniq_sigmund, uniq_natasha, uniq_robin
D:3:      layout_loops_ring, minmay_starry_boxes
D:4:      layout_cave_pools, uniq_duvessa
D:5:      layout_basic, kennysheep_little_box, minmay_checkerbox, uniq_edmund
D:6:      layout_loops_cross
D:7:      layout_rooms, temple_pool_b, ebering_ghost_gozag,
          nicolae_nh_ransacked_shop
D:8:      layout_rooms, dreamdust_princess_bridge, st_stairs_10, uniq_maurice
D:9:      layout_irregular_city, minmay_diced_spiral
D:10:     layout_basic, nicolae_uskayaw_dance_hall,
          nicolae_overflow_hidden_temple, minmay_lair_entry_grove, orc_0_dummy,
          serial_shops, nicolae_shop_rolling_square,
          nicolae_shop_tiny_real_fake_doors, shop, nicolae_square_shop,
          nicolae_book_shop_shelving
D:11:     minmay_the_grid_triangle_9x9_recursive_2_mashed
          [minmay_the_grid_triangle_9x9_prize_top_heavy,
          minmay_the_grid_triangle_9x9_thin_v,
          minmay_the_grid_triangle_9x9_pentomino_pain,
          minmay_the_grid_triangle_9x9_windchime], layout_basic,
          serial_corexii_hall, corexii_hall_statues_i, corexii_hall_statues_i,
          kennysheep_decorative_pillar, uniq_erica
D:12:     layout_basic, grunt_qazlal_clouds
D:13:     layout_roguey, lightli_vaults_fourway_checkpoint,
          minmay_misc_feat_rugged, uniq_josephine
D:14:     layout_stronghold, solitary_fountain, corexii_hall_statues_t,
          minmay_misc_feat_tower, hellmonk_guarded_unrand_sphere_of_battle

Skill      XL: |  1  2  3  4  5  6  7  8  9 10 11 12 13 |
---------------+----------------------------------------+-----
Axes           | 3 4 5 6 7 8 10 11 12 13 | 13.3
Armour         | 2 3 4 5 6 7 8 |  8.1
Dodging        | 2 3 4 5 6 |  6.4
Unarmed Combat | 1 2 3 4 5 6 |  6.6
Stealth        | 1 2 3 4 5 6 |  6.0
Fighting       | 4 5 6 7 8 |  8.7
Shields        | 1 2 3 |  3.9
Evocations     | 2 3 4 |  4.0
Shapeshifting  | 2 |  2.5
Ranged Weapons | |  0.5

Action                     |  1- 3 |  4- 6 |  7- 9 | 10-12 | 13-15 || total
---------------------------+-------+-------+-------+-------+-------++-------
  Melee: Hand axe          |   112 |   205 |    11 |       |       ||   328
         Punch             |     1 |     1 |       |       |       ||     2
         War axe           |       |       |   158 |    96 |       ||   254
         Battleaxe         |       |       |       |   183 |    51 ||   234
 Invoke: Berserk           |     1 |     4 |     8 |     6 |       ||    19
         Trog's Hand       |       |       |       |     3 |       ||     3
  Evoke: Wand              |       |       |       |     8 |       ||     8
         Phantom mirror    |       |       |       |     1 |       ||     1
    Use: Scroll            |       |     3 |     8 |    16 |     2 ||    29
         Potion            |       |       |       |     5 |    10 ||    15
   Stab: Distracted        |       |       |       |     1 |       ||     1
         Petrified         |       |       |       |     1 |       ||     1
 Armour: Animal skin       |    15 |       |       |       |       ||    15
         Chain mail        |    85 |   142 |   183 |   375 |    56 ||   841
         Skin              |       |       |       |       |     4 ||     4
  Dodge: Dodged            |    67 |    64 |    95 |   166 |    27 ||   419
  Block: Buckler           |       |    35 |   116 |    71 |       ||   222
         Other             |       |    33 |       |    59 |     8 ||   100
